 Dungeon Crawl Stone Soup version 0.26-a0-1161-g0398aca569 (webtiles) character file.

Game seed: 8358843211271161404

238 BuffBuff the Skirmisher (level 6, -1/39 HPs)
             Began as a Gargoyle Fighter on Dec 26, 2020.
             Slain by a gnoll
             ... wielding a +0 spear
              (2 damage)
             ... on level 3 of the Dungeon.
             The game lasted 00:06:03 (2434 turns).

BuffBuff the Skirmisher (Gargoyle Fighter)          Turns: 2434, Time: 00:06:03

Health: -1/39      AC: 11    Str: 21    XL:     6   Next: 7%
Magic:  15/15      EV:  7    Int:  9    God:
Gold:   198        SH:  9    Dex:  9    Spells: 5/5 levels left

rFire    . . .     SeeInvis .   a - +0 flail
rCold    . . .     Faith    .   c - +0 kite shield
rNeg     + . .     Spirit   .   b - +0 scale mail
rPois    ∞         Reflect  .   (no helmet)
rElec    +         Harm     .   (no cloak)
rCorr    .         Rampage  .   (no gloves)
Will     .....                  (no boots)
Stlth    +.........             j - amulet of the acrobat
HPRegen  0.13/turn              f - ring of magical power
MPRegen  0.14/turn              h - ring of stealth

@: no status effects
A: negative energy resistance 1, electricity resistance, unbreathing,
petrification resistance, miasma immunity, AC +4
a: no special abilities


You were on level 3 of the Dungeon.
You visited 1 branch of the dungeon, and saw 3 of its levels.

You collected 198 gold pieces.

Inventory:

Hand Weapons
 a - a +0 flail (weapon)
Missiles
 q - 9 poisoned darts (quivered)
Armour
 b - a +0 scale mail (worn)
 c - a +0 kite shield (worn)
Jewellery
 f - a ring of magical power (left hand)
 h - a ring of stealth (right hand)
 j - an amulet of the acrobat (around neck)
 w - an uncursed amulet of guardian spirit {unknown}
Scrolls
 k - 3 scrolls of identify {unknown}
 l - a scroll of random uselessness {unknown}
 m - a scroll of enchant armour {unknown}
 p - a scroll of noise {unknown}
 r - a scroll of amnesia {unknown}
 t - a scroll of fog {unknown}
 v - a scroll of blinking {unknown}
Potions
 d - a potion of might
 e - a potion of attraction {unknown}
 g - a potion of degeneration {unknown}
 i - 3 potions of curing {unknown}
 n - a potion of cancellation {unknown}
 o - 2 potions of berserk rage {unknown}
 s - 2 potions of haste {unknown}
 u - 2 potions of flight {unknown}


   Skills:
 + Level 4.6 Fighting
 + Level 3.4 Maces & Flails
 + Level 4.5 Armour
 + Level 4.5 Shields


You had 5 spell levels left.
You didn't know any spells.
Your spell library was empty.

Dungeon Overview and Level Annotations

Branches:
Dungeon (3/15)

Altars:
Nemelex Xobeh
Okawaru
Qazlal
Yredelemnul


Innate Abilities, Weirdness & Mutations

You are resistant to torment.
Your stone body is resilient. (AC +4)
You are immune to poison.
You resist negative energy. (rN+)
You are resistant to electric shocks. (rElec)
You can survive without breathing.
You are immune to petrification.
You are immune to miasma.


Message History

The gnoll is severely wounded.
The gnoll hits you with a +0 quarterstaff!
You hit the gnoll but do no damage.
The gnoll is severely wounded.
The gnoll barely misses you.
You completely miss the gnoll.
The gnoll is severely wounded.
You block the gnoll's attack.
The gnoll hits you with a +0 quarterstaff!
* * * LOW HITPOINT WARNING * * *
You sock the gnoll!
You kill the gnoll!
You closely miss the kobold. You block the kobold's attack.
The gnoll hits you from afar with a +0 spear.
* * * LOW HITPOINT WARNING * * *
The kobold hits you but does no damage.
You closely miss the kobold. The gnoll hits you but does no damage.
The kobold hits you but does no damage.
The gnoll hits you from afar with a +0 spear.
You die...

#
..####.........####
#
##......####.#####
##### ###.#...####
#.....# ....#
#.......# ##....#
###.# #.....##.###
#....####
###.##..... #...#
#.......#
#.......gg. ###g#
##..<##...
#.##..P.P≈. #K#
#...# .. ..#
PP≈≈≈≈. #@###
#...#####
##P≈≈♣≈≈♣≈≈
#...######........
PP♣♣♣♣♣ ≈
###..........#####
P≈≈♣ ############
P≈≈♣ .≈≈P #≈P≈P


You could see a gnoll and a kobold.

Vanquished Creatures
  An ice beast (D:2)
  Jessica (D:2)
  3 gnolls (D:3)
  6 worms
  A dart slug (D:3)
  4 leopard geckos
  An orc (D:3)
  4 giant cockroaches
  11 goblins
  5 hobgoblins
  5 jackals
  6 kobolds
  2 quokkas (D:3)
  A ball python (D:1)
  7 bats
  A frilled lizard (D:3)
  8 rats
67 creatures vanquished.

Vanquished Creatures (others)
  17 plants (D:3)
17 creatures vanquished.

Grand Total: 84 creatures vanquished

Notes
Turn   | Place    | Note
-------+----------+-------------------------------------------
     0 | D:1      | BuffBuff the Gargoyle Fighter began the quest for the Orb.
     0 | D:1      | Reached XP level 1. HP: 14/14 MP: 1/1
   242 | D:1      | Reached XP level 2. HP: 19/19 MP: 2/2
   750 | D:1      | Reached XP level 3. HP: 20/23 MP: 3/3
   988 | D:2      | Noticed Jessica
   994 | D:2      | Killed Jessica
   995 | D:2      | Reached XP level 4. HP: 28/29 MP: 4/4
  1510 | D:2      | Found a basalt altar of Yredelemnul.
  1510 | D:2      | Found a sparkling altar of Nemelex Xobeh.
  1550 | D:2      | Found an iron altar of Okawaru.
  1641 | D:2      | Found a stormy altar of Qazlal.
  1672 | D:2      | Noticed an ice beast
  1687 | D:2      | Killed an ice beast
  1688 | D:2      | Reached XP level 5. HP: 16/34 MP: 5/5
  2426 | D:3      | Reached XP level 6. HP: 25/39 MP: 6/6
  2433 | D:3      | HP: 1/39 [gnoll/+0 spear (6)]
  2434 | D:3      | Slain by a gnoll

Illustrated notes

Levels and vault maps discovered:
D:1:      ncdulo_lavacross, layout_loops_ring
D:2:      layout_rooms, amethyst_overflow_temple_binary,
          lemuel_coloured_pillars_altar, roderic_lattice_a, okawaru_gym_becter,
          uniq_jessica
D:3:      layout_rooms, nicolae_ru_sacrificial_ziggurat, serial_bayou_pond_c,
          hangedman_glass_garden, grunt_ministairs_9

Skill      XL: |  1  2  3  4 |
---------------+-------------+-----
Fighting       | 4 |  4.6
Shields        | 4 |  4.5
Armour         | 4 |  4.5
Maces & Flails | 3 |  3.4

Action                   |  1- 3 |  4- 6 || total
-------------------------+-------+-------++-------
Melee: Flail             |   132 |   153 ||   285
Armor: Scale mail        |    56 |    74 ||   130
Dodge: Dodged            |    62 |    59 ||   121
Block: Kite shield       |    67 |    81 ||   148

Table legend: (Time is in decaauts)
 A = Elapsed time spent in this place.
 B = Non-inter-level travel time spent in this place.
 C = Inter-level travel time spent in this place.
 D = Time resting spent in this place.
 E = Time spent auto-exploring this place.
 F = Levels seen in this place.
 G = Mean time per level.
                   A        B        C        D        E       F      G
               +--------+--------+--------+--------+--------+-----+--------+
         Total |   2529 |   2468 |     61 |    550 |   1270 |   3 |  843.0 |
       Dungeon |   2529 |   2468 |     61 |    550 |   1270 |   3 |  843.0 |
               +--------+--------+--------+--------+--------+-----+--------+

Top non-repeatable levels by time:
     D:2: 1063 daAuts
     D:1: 940 daAuts
     D:3: 526 daAuts
